 Dungeon Crawl Stone Soup version 0.31-a0-516-gfcb59812bd (webtiles) character file.

Game seed: 11334069563283317446

12507 Gargoyl the Cleaver (level 11, -1/64 HPs)
             Began as a Gargoyle Berserker on Aug 10, 2023.
             Was a Priest of Trog.
             Slain by a komodo dragon (16 damage)
             ... on level 11 of the Dungeon.
             The game lasted 00:15:41 (11849 turns).

Gargoyl the Cleaver (Gargoyle Berserker)           Turns: 11849, Time: 00:15:42

Health: -1/64      AC: 28    Str: 21    XL:     11   Next: 94%
Magic:  0/3        EV:  8    Int:  8    God:    Trog [***...]
Gold:   532        SH:  6    Dex: 19    Spells: 10/10 levels left

rFire   + . .        m - +3 hand axe (antimagic)
rCold   . . .        z - +0 buckler
rNeg    + + .        D - +0 plate armour {rF+}
rPois   ∞            (helmet restricted)
rElec   +            a - +1 cloak
rCorr   .            C - +0 pair of gloves of Tiofeuxa {Rampage SInv}
SInv    +            l - +0 pair of boots
Will    ++...        t - amulet of guardian spirit Stlth
                     w - ring of positive energy
HPRegen 1.30/turn    y - +6 ring of dexterity
MPRegen 0.08/turn

%: guardian spirit, rampage
@: strong-willed, on berserk cooldown, regenerating, slowed, studying Maces &
Flails, very slow
A: sickness immunity, AC +8, negative energy resistance 1, electricity
resistance, torment resistance 1, petrification resistance, antennae 1, frail 1,
shaggy fur 1
a: Renounce Religion, Berserk, Trog's Hand


You were on level 11 of the Dungeon.
You worshipped Trog.
Trog was most pleased with you.
You visited 1 branch of the dungeon, and saw 11 of its levels.
You also visited: Bailey.

You collected 610 gold pieces.
You spent 78 gold pieces at shops.

Inventory:

Hand Weapons
 m - a +3 antimagic hand axe (weapon)
 p - the +4 hammer "Qyj Osos" {flame, rCorr Int+3}
   (You found it on level 3 of the Dungeon)

   Int+3:     It affects your intelligence (+3).
   rCorr:     It protects you from acid and corrosion.
 B - a +2 hand axe of freezing
Missiles
 b - 4 poisoned darts
 F - a curare-tipped dart (quivered)
Armour
 a - a +1 cloak (worn)
 d - a +0 helmet
 l - a +0 pair of boots (worn)
 z - a +0 buckler (worn)
 C - the +0 pair of gloves of Tiofeuxa (worn) {Rampage SInv}
   (You found it in a bailey)

   SInv:      It lets you see invisible.
   Rampage:   It bestows one free step when moving towards enemies.
 D - a +0 plate armour of fire resistance (worn)
Jewellery
 t - an amulet of guardian spirit (around neck)
 w - a ring of positive energy (left hand)
 y - a +6 ring of dexterity (right hand)
 G - a ring of see invisible
Wands
 i - a wand of digging (7)
 s - a wand of roots (9)
 v - a wand of quicksilver (14)
 A - a wand of charming (10)
 I - a wand of flame (5)
Scrolls
 o - 3 scrolls of summoning
 r - 4 scrolls of teleportation
 u - 4 scrolls of identify
 x - a scroll of fear
 E - a scroll of enchant weapon
 H - a scroll of enchant armour {unknown}
Potions
 c - 2 potions of invisibility
 e - 3 potions of resistance
 f - 2 potions of brilliance
 g - 4 potions of heal wounds
 h - a potion of cancellation
 j - 2 potions of curing {unknown}
 k - 2 potions of enlightenment {unknown}
 n - 5 potions of might {unknown}
 q - a potion of berserk rage {unknown}


   Skills:
 + Level 9.9 Fighting
 + Level 11.9(12.0) Axes
 + Level 2.5(8.7) Maces & Flails
 + Level 0.5 Throwing
 + Level 9.7 Armour
 + Level 3.3 Dodging
 + Level 3.1 Stealth
 + Level 4.5 Shields


You had 10 spell levels left.
You didn't know any spells.
Your spell library was empty.

Dungeon Overview and Level Annotations

Branches:
Dungeon (11/15)            Temple (0/1) D:4            Lair (0/5) D:8
    Orc (0/2) D:10         Bailey (visited)

Altars:
Cheibriados
Sif Muna
Vehumet
Wu Jian
Xom

Shops:
D:1 ?   D:5 *   D:7 ([:([


Innate Abilities, Weirdness & Mutations

You are immune to sickness and miasma.
Your stone body is resilient. (AC +8)
You are immune to poison.
You resist negative energy. (rN+)
You are resistant to electric shocks. (rElec)
You are resistant to unholy torment.
You are immune to petrification.
You have a pair of small antennae on your head.
You are frail. (-10% HP)
You are covered in fur. (AC +1)


Message History

You kill the komodo dragon!
Trog accepts your kill.
You slash the two-headed ogre!
You kill the two-headed ogre!
Trog accepts your kill.
Things that are here:
a +0 dire flail; a +0 giant spiked club; a two-headed ogre corpse You feel a strong urge to attack something.
You feel your anger nearly subside.
You are no longer berserk.
You are exhausted.
You feel yourself slow down.
A komodo dragon comes into view.
A komodo dragon is nearby!
A komodo dragon is nearby!
A komodo dragon is nearby!
The komodo dragon hisses angrily.
You rampage towards the komodo dragon!
You closely miss the komodo dragon. The komodo dragon bites you!
You block the komodo dragon's attack.
Your skin crawls.
You feel strong-willed. The komodo dragon bites you.
You hit the komodo dragon but do no damage.
You block the komodo dragon's attack.
You hit the komodo dragon but do no damage.
You block the komodo dragon's attack.
You slash the komodo dragon!
The komodo dragon is moderately wounded.
The komodo dragon bites you!!
* * * LOW HITPOINT WARNING * * *
You hit the komodo dragon.
The komodo dragon is moderately wounded.
The komodo dragon bites you but does no damage.
You hit the komodo dragon.
The komodo dragon is heavily wounded.
The komodo dragon bites you!
* * * LOW HITPOINT WARNING * * *
You feel much better. The komodo dragon bites you!
* * * LOW HITPOINT WARNING * * *
The komodo dragon bites you!
You die...

................## ... .
..##.............####...
##.....<....)...........
#.....#...#.<...........
#.(..####.#......?......
#...## ####....##......
##.. #......†...#.. ##.
#.....l.......
#.#...@##.....
...#....## #...
..#....##..# ## ..
#....#.### ##....#...
#...###.. .... ### ..#
##


You could see a komodo dragon.

Vanquished Creatures
  3 two-headed ogres
  Pikel (D:4)
  2 manticores (D:11)
  A komodo dragon (D:11)
  2 trolls (D:10)
  A shadow (D:10)
  14 yaks
  A vampire (Bailey)
  3 wyverns
  2 wraiths
  2 vampire mosquitoes
  A steam dragon (D:7)
  2 acid dragons
  A water moccasin (D:8)
  A floating eye (D:10)
  An ice beast (D:7)
  A sky beast (D:7)
  7 orc warriors
  3 black bears (D:8)
  2 ogres
  2 phantoms
  A lemure (D:4)
  2 bullfrogs
  A kobold brigand (D:10)
  2 scorpions
  3 gnoll sergeants
  3 wights (D:9)
  9 killer bees
  8 howler monkeys
  8 vampire bats (Bailey)
  6 wolf zombies (Bailey)
  3 jellies
  10 orc priests
  Crazy Yiuf (D:3)
  3 hounds
  2 sleepcaps
  An iguana (D:4)
  14 orc wizards
  Terence (D:3)
  A mummy (D:9)
  12 gnolls
  10 adders
  A shadow imp (D:7)
  A white imp (D:5)
  2 ufetubi
  A worm (D:2)
  4 dart slugs
  45 orcs
  3 endoplasms
  3 goblins
  4 hobgoblins
  6 jackals
  10 kobolds
  3 quokkas
  4 ball pythons
  10 bats
  5 frilled lizards
  14 orc zombies (Bailey)
  5 rats
275 creatures vanquished.

Vanquished Creatures (collateral kills)
  A gargoyle (Bailey)
  An orc warrior (D:10)
  2 orc zombies (Bailey)
4 creatures vanquished.

Grand Total: 279 creatures vanquished

Notes
Turn   | Place    | Note
-------+----------+-------------------------------------------
     0 | D:1      | Gargoyl the Gargoyle Berserker began the quest for the Orb.
     0 | D:1      | Reached XP level 1. HP: 14/14 MP: 1/1
    98 | D:1      | Found The Oracle's Delphic Readings.
   338 | D:1      | Reached XP level 2. HP: 18/19 MP: 2/2
  1102 | D:2      | Reached skill level 3 in Axes
  1104 | D:2      | Reached XP level 3. HP: 24/24 MP: 3/3
  1421 | D:2      | You fall into a shaft and drop 2 floors!
  1440 | D:4      | Reached XP level 4. HP: 20/29 MP: 4/4
  1441 | D:4      | Reached skill level 4 in Axes
  1442 | D:4      | Reached skill level 1 in Stealth
  1442 | D:4      | Reached XP level 5. HP: 12/33 MP: 5/5
  1599 | D:3      | Reached ** piety under Trog
  1760 | D:3      | Found a faded altar of an unknown god.
  1883 | D:2      | Reached XP level 6. HP: 39/39 MP: 6/6
  2095 | D:2      | Gained mutation: Potions are less effective at restoring
                  | your health. [potion of mutation]
  2095 | D:2      | Gained mutation: You do not regenerate when monsters are
                  | visible. [potion of mutation]
  2095 | D:2      | Gained mutation: Your flesh is heat resistant. (rF+)
                  | [potion of mutation]
  2096 | D:2      | Lost mutation: You do not regenerate when monsters are
                  | visible. [potion of mutation]
  2096 | D:2      | Lost mutation: Your flesh is heat resistant. (rF+) [potion
                  | of mutation]
  2096 | D:2      | Gained mutation: You are frail. (-10% HP) [potion of
                  | mutation]
  2096 | D:2      | Gained mutation: You are clumsy. (Dex -2) [potion of
                  | mutation]
  2096 | D:2      | Gained mutation: You have sharp toenails. [potion of
                  | mutation]
  2434 | D:3      | Noticed Terence
  2442 | D:3      | Killed Terence
  2620 | D:3      | Reached skill level 5 in Axes
  2739 | D:3      | Lost mutation: You have sharp toenails. [potion of
                  | mutation]
  2739 | D:3      | Lost mutation: Potions are less effective at restoring your
                  | health. [potion of mutation]
  2739 | D:3      | Lost mutation: You are clumsy. (Dex -2) [potion of
                  | mutation]
  2739 | D:3      | Gained mutation: You expend magic power (3 MP) to
                  | strengthen your wands. [potion of mutation]
  2739 | D:3      | Gained mutation: You are clumsy. (Dex -2) [potion of
                  | mutation]
  2739 | D:3      | Gained mutation: You have a pair of small horns on your
                  | head. [potion of mutation]
  2953 | D:3      | Found a runed translucent door.
  2954 | D:3      | Noticed Crazy Yiuf
  3297 | D:3      | Killed Crazy Yiuf
  3305 | D:3      | Identified the +4 hammer "Qyj Osos" {flame, rCorr Int+3}
  3497 | D:4      | Reached XP level 7. HP: 32/39 MP: 7/7
  3655 | D:4      | Reached skill level 1 in Maces & Flails
  3799 | D:4      | Found a staircase to the Ecumenical Temple.
  3821 | D:4      | Noticed Pikel
  3852 | D:4      | Killed Pikel
  3853 | D:4      | Reached skill level 5 in Fighting
  3853 | D:4      | Reached skill level 6 in Axes
  3853 | D:4      | Reached XP level 8. HP: 28/45 MP: 2/8
  3979 | D:4      | Found a radiant altar of Vehumet.
  4135 | D:4      | Found a shimmering altar of Xom.
  4135 | D:4      | Found an ornate altar of the Wu Jian Council.
  4413 | D:5      | Entered Level 5 of the Dungeon
  4471 | D:5      | Found Decrup's Assorted Antiques.
  4493 | D:5      | Bought a scroll of teleportation for 78 gold pieces
  4569 | D:5      | Noticed a wraith
  4592 | D:5      | Killed a wraith
  4610 | D:5      | Reached skill level 7 in Axes
  4610 | D:5      | Reached skill level 5 in Armour
  5184 | D:6      | Reached XP level 9. HP: 32/49 MP: 1/9
  5306 | D:6      | Found a shimmering blue altar of Sif Muna.
  6504 | D:7      | Found Leulaw's Armour Emporium.
  6516 | D:7      | Reached skill level 8 in Axes
  6568 | D:7      | Found Uwaqy's Antique Weapon Shoppe.
  6570 | D:7      | Found Xehep's Armour Boutique.
  6570 | D:7      | Found Giteg's Antique Weapon Shop.
  6573 | D:7      | Found Ligyref's Book Shop.
  6731 | D:7      | Reached *** piety under Trog
  7373 | D:8      | Found a staircase to the Lair.
  7387 | D:8      | Reached XP level 10. HP: 55/56 MP: 1/10
  7508 | D:8      | Reached skill level 9 in Axes
  7893 | D:8      | Lost mutation: You expend magic power (3 MP) to strengthen
                  | your wands. [potion of mutation]
  7893 | D:8      | Lost mutation: You are clumsy. (Dex -2) [potion of
                  | mutation]
  7893 | D:8      | Lost mutation: You have a pair of small horns on your head.
                  | [potion of mutation]
  7893 | D:8      | Gained mutation: You have sharp fingernails. [potion of
                  | mutation]
  8390 | D:9      | Found a flagged portal.
  8399 | Bailey   | Entered a bailey
  8545 | Bailey   | Reached skill level 1 in Shields
  8624 | Bailey   | Reached **** piety under Trog
  8713 | Bailey   | Noticed a gargoyle
  8717 | Bailey   | Killed a gargoyle
  8780 | Bailey   | Identified the +0 pair of gloves of Tiofeuxa {Rampage SInv}
  8900 | D:9      | Lost mutation: You have sharp fingernails. [potion of
                  | mutation]
  8900 | D:9      | Lost mutation: You are frail. (-10% HP) [potion of
                  | mutation]
  8900 | D:9      | Gained mutation: You are frail. (-10% HP) [potion of
                  | mutation]
  8900 | D:9      | Gained mutation: You have a pair of small antennae on your
                  | head. [potion of mutation]
  8900 | D:9      | Gained mutation: You are covered in fur. (AC +1) [potion of
                  | mutation]
  9049 | D:9      | Found a snail-covered altar of Cheibriados.
  9053 | D:9      | Reached skill level 10 in Axes
  9760 | D:10     | Entered Level 10 of the Dungeon
  9775 | D:10     | Reached XP level 11. HP: 59/62 MP: 2/11
 10233 | D:10     | Paralysed by a floating eye for 4 turns
 10501 | D:10     | Reached skill level 11 in Axes
 11354 | D:10     | Found a staircase to the Orcish Mines.
 11436 | D:10     | Noticed a two-headed ogre
 11446 | D:10     | Killed a two-headed ogre
 11562 | D:11     | Noticed a manticore
 11571 | D:11     | Killed a manticore
 11665 | D:11     | Noticed a two-headed ogre
 11685 | D:11     | Killed a two-headed ogre
 11703 | D:11     | Noticed a manticore
 11719 | D:11     | Killed a manticore
 11814 | D:11     | Noticed a two-headed ogre
 11825 | D:11     | Killed a two-headed ogre
 11849 | D:11     | Slain by a komodo dragon

Illustrated notes

Levels and vault maps discovered:
D:1:      ncdulo_lavacross, layout_loops_corners, kennysheep_doodads,
          amcnicky_mini_rare_corridor_liquid, solitary_fountain,
          nicolae_nh_oracle_at_delphi
D:2:      minmay_chambers_of_ones, layout_basic, minmay_pentomino_x2
D:3:      layout_basic, ebering_ecumenical_altar_hall, chequers_garden,
          minmay_fractal_squares_5, uniq_crazy_yiuf_cottage, uniq_terence
D:4:      layout_gridville, kennysheep_mini, amethyst_overflow_temple_binary,
          minmay_temple_entry_drinking_statues, mrwooster_statue_mirror,
          uniq_pikel
D:5:      layout_basic, serial_shops, shop, minmay_fountain_box,
          corner_web_ring, kennysheep_pointless_box, minmay_manual_mandibuliform
D:6:      layout_basic, mainiacjoe_overflow_24_doors, kennysheep_cross_room,
          dk_noncrumbling_2, chequers_decorated_corner,
          chequers_serial_rivers_small_a, chequers_serial_rivers_large_b
D:7:      layout_loops_cross, nicolae_shop_national_dungeon_mall,
          minmay_misc_feat_rugged
D:8:      layout_basic, david_lair_generic
D:9:      layout_loops_corners, slow_altar_1, enter_bailey_8,
          hangedman_abyss_or_decor_passed
D:10:     layout_loops_corners, david_orc_4, serial_park_tiny_1,
          kennysheep_small_spiral, grunt_ministairs_11, onia_ninara_cookie
D:11:     layout_cave_pools, minmay_misc_feat_nine_boxes,
          minmay_misc_feat_more_columns

Skill      XL: |  1  2  3  4  5  6  7  8  9 10 11 |
---------------+----------------------------------+-----
Axes           | 3 4 5 6 7 8 10 11 | 11.9
Fighting       | 4 5 6 7 8 9 |  9.9
Dodging        | 2 3 |  3.3
Stealth        | 1 2 3 |  3.1
Maces & Flails | 2 |  2.5
Armour         | 3 5 7 8 9 |  9.7
Shields        | 2 4 |  4.5
Throwing       | |  0.5

Action                     |  1- 3 |  4- 6 |  7- 9 | 10-12 || total
---------------------------+-------+-------+-------+-------++-------
  Melee: Hand axe          |    16 |    39 |   314 |   535 ||   904
         War axe           |    50 |    81 |       |       ||   131
         Punch             |     1 |     1 |     3 |       ||     5
         Mace              |       |    13 |    14 |       ||    27
         Headbutt          |       |       |    54 |     7 ||    61
  Throw: Dart              |       |       |     5 |       ||     5
 Invoke: Berserk           |     2 |     3 |     8 |    11 ||    24
         Trog's Hand       |       |       |     5 |    10 ||    15
         Brothers in Arms  |       |       |       |     2 ||     2
    Use: Scroll            |     5 |     2 |     4 |     4 ||    15
         Potion            |       |     3 |       |     3 ||     6
   Stab: Sleeping          |     1 |     1 |       |       ||     2
 Armour: Animal skin       |    36 |    33 |       |       ||    69
         Chain mail        |       |    36 |    81 |       ||   117
         Plate armour      |       |       |   139 |   397 ||   536
  Dodge: Dodged            |    63 |    66 |   144 |   183 ||   456
  Block: Buckler           |       |       |       |   121 ||   121

Table legend: (Time is in decaauts)
 A = Elapsed time spent in this place.
 B = Non-inter-level travel time spent in this place.
 C = Inter-level travel time spent in this place.
 D = Time resting spent in this place.
 E = Time spent auto-exploring this place.
 F = Levels seen in this place.
 G = Mean time per level.
                   A        B        C        D        E       F      G
               +--------+--------+--------+--------+--------+-----+--------+
         Total |  12035 |  11555 |    480 |      0 |   9039 |  12 | 1002.9 |
       Dungeon |  11553 |  11073 |    480 |      0 |   8875 |  11 | 1050.3 |
        Bailey |    481 |    481 |      0 |      0 |    164 |   1 |  481.0 |
               +--------+--------+--------+--------+--------+-----+--------+

Top non-repeatable levels by time:
    D:10: 1731 daAuts
     D:3: 1388 daAuts
     D:4: 1218 daAuts
     D:9: 1152 daAuts
     D:6: 1106 daAuts
     D:7: 1007 daAuts
     D:2: 952 daAuts
     D:1: 951 daAuts
     D:8: 882 daAuts
     D:5: 797 daAuts
  Bailey: 481 daAuts
    D:11: 364 daAuts
